 Dungeon Crawl Stone Soup version 0.28-a0-863-g8cecda6153 (webtiles) character file.

Game seed: 8980951962488000618

81 pokeman the Magician (level 4, 0/25 HPs)
             Began as a Deep Elf Hedge Wizard on Nov 19, 2021.
             Slain by a hound (3 damage)
             ... on level 4 of the Dungeon.
             The game lasted 00:04:05 (2249 turns).

pokeman the Magician (Deep Elf Hedge Wizard)        Turns: 2249, Time: 00:04:06

Health: 0/25       AC:  3    Str:  7    XL:     4   Next: 19%
Magic:  2/13       EV: 11    Int: 20    God:
Gold:   104        SH:  5    Dex: 14    Spells: 3/14 levels left

rFire   . . .      SeeInvis .   d - +0 dagger (vamp)
rCold   . . .      Faith    .   (no shield)
rNeg    . . .      Spirit   .   g - +0 leather armour
rPois   .          Reflect  +   c - +0 hat
rElec   .          Harm     .   (no cloak)
rCorr   .          Rampage  .   (no gloves)
Will    .....                   (no boots)
Stlth   ++........              a - amulet of reflection
HPRegen 0.08/turn               (no ring)
MPRegen 0.13/turn               (no ring)

@: on blink cooldown, very slightly contaminated
A: no striking features
a: no special abilities


You were on level 4 of the Dungeon.
You visited 1 branch of the dungeon, and saw 3 of its levels.

You collected 104 gold pieces.

Inventory:

Hand Weapons
 d - a +0 vampiric dagger (weapon)
Armour
 c - a +0 hat (worn)
 g - a +0 leather armour (worn)
Jewellery
 a - an amulet of reflection (around neck)
 h - an amulet of regeneration
Scrolls
 b - a scroll of fear {unknown}
 f - 2 scrolls of immolation {unknown}
Potions
 e - a potion of resistance {unknown}


   Skills:
 - Level 1.1 Fighting
 - Level 1.1 Armour
 + Level 2.4 Dodging
 - Level 2.4 Stealth
 * Level 5.5 Spellcasting
 + Level 2.1 Conjurations
 - Level 1.1 Summonings
 - Level 1.1 Translocations
 + Level 0.2 Fire Magic


You had 3 spell levels left.
You knew the following spells:

 Your Spells              Type           Power      Damage    Failure   Level
a - Magic Dart            Conj           56%        1d5       7%          1
b - Mephitic Cloud        Conj/Pois/Air  8%         N/A       34%         3
c - Call Imp              Summ           9%         N/A       16%         2
d - Blink                 Tloc           18%        N/A       16%         2
e - Conjure Flame         Conj/Fire      10%        6-21      28%         3

Your spell library contained the following spells:

 Spells                   Type           Power      Damage    Failure   Level
 Slow                     Hex            20%        N/A       16%         1
 Summon Guardian Golem    Hex/Summ       7%         N/A       36%         3
 Orb of Destruction       Conj           7%         9d3       100%        7
 Spellforged Servitor     Conj/Summ      6%         N/A       100%        7


Dungeon Overview and Level Annotations

Branches:
Dungeon (2/15)

Altars:

Shops:
D:1 (

Annotations:
D:4 1 runed translucent door, Dowan, Duvessa


Message History

The hound bites you.
Dowan casts a spell at Duvessa.
Duvessa seems to speed up.
Duvessa barely misses your white imp.
Your white imp misses Duvessa.
Unknown command.
You hit the hound but do no damage.
The hound is lightly wounded.
You block the hound's attack.
Duvessa hits your white imp with a +0 short sword!
Your white imp dies!
Your white imp disappears in a puff of smoke!
The hound barely misses you.
You hit the hound but do no damage. The hound misses you.
Unknown command.
You hit the hound.
You feel better.
The hound is lightly wounded.
The hound bites you. x2
Unknown command.
Casting: Call Imp (safe; 16% risk of failure)
Confirm with . or Enter, or press ? or * to list all spells.
You blink.
The hound bites you but does no damage.
Duvessa gestures with her weapon.
The hound bites you.
* * * LOW HITPOINT WARNING * * *
Unknown command.
A hobgoblin comes into view.
Found a condenser vane.
The hobgoblin shouts!
The hound closely misses you.
Casting: Blink (safe; 16% risk of failure)
Confirm with . or Enter, or press ? or * to list all spells.
The spell is extremely dangerous to cast (34% risk of failure)!
Continue anyway?
Aiming: Mephitic Cloud (extremely dangerous; 34% risk of failure)
Press: ? - help, Shift-Dir - straight line, f/p - Dowan
Aim: Dowan, wielding a +0 dagger and wearing a +0 robe (lightly wounded, chance to affect: 86%) That beam is likely to hit you.
Continue anyway?
You miscast Mephitic Cloud.
You are very lightly contaminated with residual magic.
Nothing appears to happen.
The hound bites you.
You die...

. #####...#..(...
#.
##......#.......
#..
#..###...#......
#.###.##
##......##.
###.....# #..#...#
.......## #.# ...#
. ######.##
##..##.... .g.
#..###.###e###...#
##........h@.....#
#######..#####+##
##e#.# ยง# ##h##.#
##.###.# #.## #.#
### #.# #.# ###


You could see Duvessa (fast), Dowan, 2 hounds and a hobgoblin.

Vanquished Creatures
  Terence (D:1)
  A gnoll (D:1)
  A worm (D:2)
  A dart slug (D:2)
  2 ball pythons (D:1)
  6 endoplasms
  6 goblins
  4 hobgoblins
  2 jackals (D:1)
  4 kobolds
  2 quokkas
  3 bats
  2 frilled lizards
  4 rats
39 creatures vanquished.

Notes
Turn   | Place    | Note
-------+----------+-------------------------------------------
     0 | D:1      | pokeman the Deep Elf Hedge Wizard began the quest for the
                  | Orb.
     0 | D:1      | Reached XP level 1. HP: 10/10 MP: 7/7
   336 | D:1      | Reached XP level 2. HP: 15/15 MP: 5/9
   568 | D:1      | Found Josimint's Weapon Emporium.
   746 | D:1      | Found a faded altar of an unknown god.
   826 | D:1      | Reached skill level 5 in Spellcasting
  1215 | D:1      | Reached XP level 3. HP: 14/20 MP: 3/11
  1219 | D:1      | Learned a level 3 spell: Mephitic Cloud
  1222 | D:1      | Learned a level 2 spell: Call Imp
  1225 | D:1      | Learned a level 2 spell: Blink
  1229 | D:1      | Learned a level 3 spell: Conjure Flame
  1544 | D:2      | Noticed Terence
  1629 | D:1      | Killed Terence
  1630 | D:1      | Reached skill level 1 in Fighting
  1630 | D:1      | Reached skill level 1 in Armour
  1630 | D:1      | Reached XP level 4. HP: 11/25 MP: 2/13
  2119 | D:2      | You fall into a shaft and drop 2 floors!
  2200 | D:4      | Noticed Dowan
  2201 | D:4      | Noticed Duvessa
  2233 | D:4      | Found a runed translucent door.
  2249 | D:4      | Slain by a hound

Illustrated notes

Levels and vault maps discovered:
D:1:      minmay_arrival_plants_in_alcoves, layout_loops_corners,
          dreamdust_ecumenical_altar_statues, serial_shops, shop
D:2:      layout_basic, uniq_terence, uniq_crazy_yiuf_cottage
D:4:      layout_rooms, minmay_temple_entry_offerings,
          ebering_ghost_inner_flame, uniq_duvessa

Skill      XL: |  1  2  3 |
---------------+----------+-----
Spellcasting   | 5 |  5.5
Fighting       | 1 |  1.1
Armour         | 1 |  1.1
Conjurations   | 2 |  2.1
Dodging        | |  2.4
Stealth        | |  2.4
Summonings     | |  1.1
Translocations | |  1.1
Fire Magic     | |  0.2

Action                   |  1- 3 |  4- 6 || total
-------------------------+-------+-------++-------
Melee: Dagger            |    10 |    25 ||    35
 Cast: Magic Dart        |    79 |    16 ||    95
       Mephitic Cloud    |     2 |     2 ||     4
       Conjure Flame     |     1 |     1 ||     2
       Call Imp          |     1 |     1 ||     2
       Blink             |       |     1 ||     1
 Stab: Confused          |     2 |     1 ||     3
       Sleeping          |       |     1 ||     1
Armor: Leather armour    |       |     2 ||     2
Dodge: Dodged            |     8 |    10 ||    18
Block: Other             |     5 |     5 ||    10

Table legend: (Time is in decaauts)
 A = Elapsed time spent in this place.
 B = Non-inter-level travel time spent in this place.
 C = Inter-level travel time spent in this place.
 D = Time resting spent in this place.
 E = Time spent auto-exploring this place.
 F = Levels seen in this place.
 G = Mean time per level.
                   A        B        C        D        E       F      G
               +--------+--------+--------+--------+--------+-----+--------+
         Total |   2249 |   2234 |     15 |     66 |   1810 |   3 |  749.7 |
       Dungeon |   2249 |   2234 |     15 |     66 |   1810 |   3 |  749.7 |
               +--------+--------+--------+--------+--------+-----+--------+

Top non-repeatable levels by time:
     D:1: 1680 daAuts
     D:2: 439 daAuts
     D:4: 129 daAuts
